 Dungeon Crawl Stone Soup version 0.27.0-65-ge2af304b15 (webtiles) character file.

Game seed: 11354766448502509993

1266 nxtlvl the Firebug (level 8, -2/52 HPs)
             Began as a Formicid Fire Elementalist on Aug 19, 2021.
             Was a Believer of Uskayaw.
             Slain by a centaur (3 damage)
             ... on level 8 of the Dungeon.
             The game lasted 00:32:54 (2375 turns).

nxtlvl the Firebug (Formicid Fire Elementalist)     Turns: 2375, Time: 00:32:55

Health: -2/52      AC:  6    Str: 13    XL:     8   Next: 82%
Magic:  14/14      EV: 10    Int: 17    God:    Uskayaw [**....]
Gold:   272        SH:  0    Dex: 11    Spells: 13/15 levels left

rFire    . . .     SeeInvis +   a - +0 short sword
rCold    . . .     Faith    .   (no shield)
rNeg     . . .     Spirit   .   c - +0 ring mail
rPois    .         Reflect  .   (helmet unavailable)
rElec    .         Harm     .   d - +0 cloak
rCorr    .         Rampage  .   (no gloves)
Will     .....                  (no boots)
Stlth    +.........             (no amulet)
HPRegen  0.17/turn              (no ring)
MPRegen  0.14/turn              (no ring)

@: mighty
A: permanent stasis, dig shafts and tunnels, antennae 3, four strong arms
a: Dig, Shaft Self, Renounce Religion, Stomp, Line Pass


You were on level 8 of the Dungeon.
You worshipped Uskayaw.
Uskayaw was noncommittal.
You visited 2 branches of the dungeon, and saw 9 of its levels.
You also visited: Sewer.

You collected 272 gold pieces.

Inventory:

Hand Weapons
 a - a +0 short sword (weapon)
 n - a +2 trident of venom
Missiles
 k - 24 poisoned darts (quivered)
 q - 5 atropa-tipped darts
Armour
 c - a +0 ring mail (worn)
 d - a +0 cloak (worn)
Scrolls
 b - a scroll of noise {unknown}
 f - a scroll of enchant weapon {unknown}
 g - a scroll of teleportation
 m - a scroll of enchant armour {unknown}
 o - a scroll of identify {unknown}
 r - a scroll of summoning {unknown}
Potions
 j - 2 potions of flight


   Skills:
 - Level 1.7 Dodging
 - Level 2.4 Stealth
 - Level 4.0 Spellcasting
 + Level 5.8 Conjurations
 + Level 6.9 Fire Magic
 + Level 3.3 Invocations


You had 13 spell levels left.
You knew the following spells:

 Your Spells              Type           Power      Damage    Failure   Level
x - Magic Dart            Conj           92%        1d7       3%          1
z - Foxfire               Conj/Fire      100%       2x1d9     2%          1

Your spell library contained the following spells:

 Spells                   Type           Power      Damage    Failure   Level
 Conjure Flame            Conj/Fire      25%        6-21      8%          3
 Inner Flame              Hex/Fire       15%        N/A       26%         3
 Sticky Flame             Conj/Fire      25%        2d5       26%         4
 Corona                   Hex            3%         N/A       34%         1
 Mephitic Cloud           Conj/Pois/Air  9%         N/A       43%         3
 Call Imp                 Summ           3%         N/A       45%         2
 Ensorcelled Hibernation  Hex/Ice        6%         N/A       45%         2
 Fireball                 Conj/Fire      12%        3d7       56%         5
 Gell's Gravitas          Tloc           1%         N/A       71%         3
 Teleport Other           Tloc           3%         N/A       71%         3
 Tukima's Dance           Hex            3%         N/A       71%         3
 Dispersal                Tloc           1%         N/A       100%        6


Dungeon Overview and Level Annotations

Branches:
Dungeon (8/15)             Temple (1/1) D:5           Sewer (visited)
   Lair: D:8-11

Altars:
Ashenzari
Elyvilon
Fedhas
Gozag
Hepliaklqana
Kikubaaqudgha
Makhleb
Nemelex Xobeh
Okawaru
Qazlal
Ru
Sif Muna
Trog
Uskayaw
Yredelemnul
Zin
The Shining One

Shops:
D:4 *

Portals:
Bailey: D:7

Annotations:
D:8 exclusion: upstairs, Maurice


Innate Abilities, Weirdness & Mutations

You cannot be hasted, slowed, berserked, paralysed or teleported.
You can dig through walls and to a lower floor.
You have a pair of large antennae on your head. (SInv)
Your four strong arms can wield two-handed weapons with a shield.


Message History

You puncture the centaur!
The centaur is moderately wounded.
The centaur hits you but does no damage.
The centaur kicks you but does no damage.
The centaur hits you but does no damage.
The centaur kicks you. Maurice barely misses you.
You hit the centaur.
The centaur is severely wounded.
The centaur hits you.
The centaur kicks you but does no damage.
The centaur barely misses you.
The centaur kicks you but does no damage.
Maurice closely misses you.
You hit the centaur but do no damage.
The centaur is severely wounded.
The centaur hits you but does no damage.
The centaur misses you.
Maurice zaps a wand.
The bolt of acid hits you!
You are splashed with acid!
* * * LOW HITPOINT WARNING * * *
Unknown command.
You hit the centaur.
The centaur is almost dead.
The centaur closely misses you. The centaur barely misses you.
The centaur hits you.
* * * LOW HITPOINT WARNING * * *
The centaur kicks you.
* * * LOW HITPOINT WARNING * * *
Maurice barely misses you.
You can now pass through a line of other dancers.
You barely miss the centaur.
The centaur is almost dead.
The centaur barely misses you. x2; Maurice hits you with a +0 dagger.
* * * LOW HITPOINT WARNING * * *
Maurice steals your potion of heal wounds!
The centaur hits you.
* * * LOW HITPOINT WARNING * * *
The centaur kicks you but does no damage.
It was a potion of magic.
Magic courses through your body. The centaur hits you.
You die...

##...#.# ##..# .#...#.##
#..#
.#####..##########..########
#....................[.....#
.#######)####.######.#####.#
.# #.# #.# #.# #.# .# #.#
#.# #.# #.# .# #.#
#.######.###.#.# .# #.#
#...@@.........# .# #.#
###c########.#.# .# #.# #.#
#.# .........# #.###### .#.#
########## #.##...##.... #
#.##.#....... #
#.).....#.!.# # ####.......#
# #.......#


You could see Maurice (swift) and a centaur.

Vanquished Creatures
  Prince Ribbit (D:8)
  A yak (D:8)
  A water moccasin (D:8)
  2 necrophages
  2 ogres
  A kobold brigand (Sewer)
  2 jellies
  A centaur zombie (D:5)
  2 hounds
  A centaur skeleton (D:7)
  An iguana (D:5)
  A scorpion zombie (D:5)
  A hound skeleton (D:5)
  A howler monkey zombie (D:5)
  4 gnolls (D:4)
  4 adders
  A white imp (D:7)
  An adder skeleton (D:4)
  A dart slug (D:1)
  13 orcs
  6 ball pythons
  3 endoplasms
  2 giant cockroaches
  4 goblins
  3 hobgoblins
  2 jackals (Sewer)
  9 kobolds
  2 quokkas
  2 bats
  A frilled lizard (D:1)
  7 rats
83 creatures vanquished.

Vanquished Creatures (others)
  292 foxfires
292 creatures vanquished.

Grand Total: 375 creatures vanquished

Notes
Turn   | Place    | Note
-------+----------+-------------------------------------------
     0 | D:1      | nxtlvl the Formicid Fire Elementalist began the quest for
                  | the Orb.
     0 | D:1      | Reached XP level 1. HP: 13/13 MP: 3/3
    41 | D:1      | Reached skill level 1 in Conjurations
   119 | D:1      | Reached XP level 2. HP: 19/19 MP: 1/5
   397 | D:2      | Reached XP level 3. HP: 24/24 MP: 3/6
   565 | D:3      | Found a glowing drain.
   581 | Sewer    | Entered a sewer
   638 | Sewer    | Noticed a kobold brigand
   646 | Sewer    | Killed a kobold brigand
   647 | Sewer    | Reached skill level 4 in Fire Magic
   647 | Sewer    | Reached XP level 4. HP: 30/30 MP: 1/7
   647 | Sewer    | Reached XP level 5. HP: 35/35 MP: 1/8
   703 | Sewer    | Found a glowing silver altar of Zin.
   756 | D:4      | Found Zin's Purification Station.
   756 | D:4      | Found a glowing silver altar of Zin.
   822 | D:4      | Found a hazy altar of Hepliaklqana.
   951 | D:4      | Noticed a necrophage
   965 | D:4      | Killed a necrophage
   966 | D:4      | Reached XP level 6. HP: 38/41 MP: 1/10
  1057 | D:4      | Reached skill level 5 in Fire Magic
  1260 | D:4      | Found an iron altar of Okawaru.
  1376 | D:5      | Entered Level 5 of the Dungeon
  1455 | D:5      | Noticed an ogre
  1513 | D:5      | Reached XP level 7. HP: 44/46 MP: 8/11
  1550 | D:5      | Found a staircase to the Ecumenical Temple.
  1556 | Temple   | Entered the Ecumenical Temple
  1573 | Temple   | Became a worshipper of Uskayaw the Reveller
  1598 | D:5      | Reached * piety under Uskayaw
  1610 | D:5      | Learned a level 1 spell: Magic Dart
  1621 | D:5      | Reached ** piety under Uskayaw
  1628 | D:5      | Found a white marble altar of Elyvilon.
  1811 | D:5      | Reached skill level 6 in Fire Magic
  1890 | D:7      | Reached skill level 5 in Conjurations
  1890 | D:7      | Reached XP level 8. HP: 49/52 MP: 6/12
  1915 | D:7      | Found a basalt altar of Yredelemnul.
  1922 | D:7      | Found a sparkling altar of Nemelex Xobeh.
  1952 | D:7      | Found a broken altar of Ashenzari.
  1954 | D:7      | Found a stormy altar of Qazlal.
  1956 | D:7      | Noticed an air elemental
  2098 | D:7      | Found a flagged portal.
  2099 | D:7      | Noticed a yak
  2113 | D:7      | Noticed a yak
  2116 | D:7      | Noticed a yak
  2142 | D:8      | Killed a yak
  2143 | D:8      | Reached skill level 1 in Invocations
  2186 | D:8      | Reached *** piety under Uskayaw
  2295 | D:8      | Noticed Prince Ribbit
  2316 | D:8      | Killed Prince Ribbit
  2365 | D:8      | Noticed Maurice
  2374 | D:8      | HP: 1/52 [centaur (3)]
  2375 | D:8      | Slain by a centaur

Illustrated notes

Levels and vault maps discovered:
D:1:      sevenhm_arrival_forest_fort_small_6, layout_loops_cross,
          shapermc_ecumenical_altar_mp_ritualfount
D:2:      layout_basic
D:3:      layout_basic, cheibrodos_sewer_entry_drain,
          wander_ebering_terrifying_dragon_lair, uniq_natasha, uniq_robin
D:4:      layout_loops_cross, nicolae_overflow_crystal_walls,
          mainiacjoe_overflow_alcove_1, zin_purify
D:5:      layout_gridville, lemuel_doored_altar, minmay_temple_entry_grid,
          serial_bayou_pond_e
D:6:      layout_basic, nicolae_wu_jian_wuxing_cycle
D:7:      layout_rooms, nicolae_qazlal_style_of_elements,
          mainiacjoe_overflow_six_doors_small, ashenzari_altar_1,
          mainiacjoe_overflow_big_doors, enter_bailey_5, columned_hall_lemuel,
          chequers_serial_rivers_micro_b, minmay_misc_feat_room,
          grunt_ministairs_12, uniq_harold
D:8:      layout_loops_ring, mainiacjoe_overflow_alcove_4,
          amcnicky_altar_gilded, grunt_ministairs_9, solitary_fountain,
          kennysheep_opposing_triangles, uniq_prince_ribbit1, uniq_gastronok,
          uniq_grum, uniq_maurice
Temple:   jpeg_temple_island

Skill      XL: |  1  2  3  4  5  6  7  8 |
---------------+-------------------------+-----
Conjurations   | 1 2 3 4 5 |  5.8
Fire Magic     | 4 5 6 |  6.9
Spellcasting   | 3 4 |  4.0
Invocations    | 3 |  3.3
Dodging        | |  1.7
Stealth        | |  2.4

Action                   |  1- 3 |  4- 6 |  7- 9 || total
-------------------------+-------+-------+-------++-------
Melee: Short sword       |    20 |     7 |    31 ||    58
Throw: Dart              |       |       |     1 ||     1
 Cast: Foxfire           |    39 |    61 |    75 ||   175
       Magic Dart        |       |       |     1 ||     1
 Abil: Dig               |     2 |    10 |     8 ||    20
  Use: Potion            |       |       |     7 ||     7
       Scroll            |       |       |     1 ||     1
 Stab: Paralysed         |       |       |     2 ||     2
Armor: Robe              |     2 |       |       ||     2
       Ring mail         |    13 |    15 |    24 ||    52
Dodge: Dodged            |    10 |    14 |    37 ||    61
